Map: Ever Dream LE

Players

Dream - Winner!

  • Race: Terran Terran
  • League: Master
  • Spawn Location: 1:00

VOD

Have the link to the VOD?

Description

Time

  • Played on: July 23, 2020, 9:55 p.m.
  • Length: 10:15
Show
View Real Time Build Order
Export as new Build Order

Dream Terran - Winner!

Build Orders: Reaper Expand, Mech, Banshee Rush 

Get SALT Encoding   

  12  0:04  SCV  
  12  0:16  SCV  
  12  0:20  Supply Depot  
  12  0:29  SCV  
  12  0:41  SCV  
  12  0:43  Barracks  
  12  0:47  Refinery  
  12  0:53  SCV  
  12  1:05  SCV  
  12  1:17  SCV  
  12  1:30  Orbital Command, Reaper  
  12  1:41  Command Center  
  12  1:52  Supply Depot  
  12  1:55  SCV  
  12  2:02  Marine  
  12  2:07  SCV  
  12  2:12  Factory  
  12  2:19  SCV  
  12  2:20  Refinery  
  12  2:24  Barracks Reactor  
  12  2:26  Bunker  
  12  2:31  SCV  
  12  2:44  SCV  
  12  2:53  Orbital Command  
  12  2:56  SCV  
  12  2:57  Hellion  
  12  2:59  Starport  
  12  3:04  Marine  
  12  3:07  Marine  
  12  3:08  SCV  
  12  3:19  SCV, Factory Tech Lab  
  12  3:20  SCV  
  12  3:25  Supply Depot  
  12  3:27  Marine x2  
  12  3:31  SCV  
  12  3:32  SCV  
  12  3:43  SCV, Cloaking Field  
  12  3:44  SCV, Banshee  
  12  3:47  Factory Tech Lab  
  12  3:48  Marine x2  
  12  3:55  SCV  
  12  3:56  SCV  
  12  4:00  Supply Depot  
  12  4:06  Marine x2  
  12  4:07  Siege Tank, SCV  
  12  4:08  SCV  
  12  4:19  Supply Depot  
  12  4:21  SCV x2  
  12  4:25  Marine x2  
  12  4:27  Banshee  
  12  4:33  SCV  
  12  4:40  SCV, Refinery  
  12  4:41  Refinery  
  12  4:43  Marine x2  
  12  4:44  Siege Tank  
  12  4:45  SCV  
  12  4:52  SCV  
  12  4:53  Supply Depot  
  12  4:59  SCV  
  12  5:01  Marine x2  
  12  5:05  SCV  
  12  5:10  Banshee  
  12  5:11  SCV  
  12  5:16  Command Center  
  12  5:18  Siege Tank  
  12  5:19  Marine x2, Supply Depot  
  12  5:20  SCV  
  12  5:23  SCV  
  12  5:27  Supply Depot  
  12  5:34  Supply Depot  
  12  5:37  SCV  
  12  5:40  SCV, Marine x2  
  12  5:43  Supply Depot  
  12  5:50  Siege Tank  
  12  5:52  SCV x2  
  12  5:53  Banshee  
  12  6:01  Factory  
  12  6:02  Factory  
  12  6:04  SCV x2  
  12  6:06  Supply Depot  
  12  6:08  Supply Depot  
  12  6:09  Barracks Tech Lab  
  12  6:11  Hyperflight Rotors  
  12  6:15  Supply Depot  
  12  6:17  Engineering Bay  
  12  6:18  SCV x2  
  12  6:30  Supply Depot x2  
  12  6:35  Siege Tank  
  12  6:36  Banshee  
  12  6:38  SCV x2  
  12  6:42  Refinery  
  12  6:44  Refinery  
  12  6:50  SCV x2  
  12  7:01  Orbital Command  
  12  7:03  SCV x2  
  12  7:05  Siege Tank, Hellion  
  12  7:06  Hellion  
  12  7:07  Siege Tank  
  12  7:13  Armory x2  
  12  7:19  Banshee  
  12  7:20  SCV x2  
  12  7:27  SCV  
  12  7:31  Hellion x2  
  12  7:37  Supply Depot  
  12  7:38  Siege Tank, Supply Depot  
  12  7:39  Siege Tank  
  12  7:47  SCV  
  12  7:48  SCV x2  
  12  7:56  Factory x2  
  12  7:59  SCV, Hellion x2  
  12  8:00  SCV  
  12  8:01  Terran Vehicle Weapons Level 1, Terran Vehicle And Ship Armor Level 1  
  12  8:11  Banshee  
  12  8:12  Command Center  
  12  8:13  Siege Tank  
  12  8:19  Supply Depot  
  12  8:20  Supply Depot  
  12  8:21  Siege Tank, Hellion x2  
  12  8:43  Factory Tech Lab, Factory Reactor  
  12  8:47  Siege Tank  
  12  8:48  Hellion x2  
  12  8:55  Infernal Pre-Igniter, Smart Servos  
  12  9:01  Missile Turret  
  12  9:02  Missile Turret  
  12  9:03  Siege Tank, Banshee  
  12  9:04  Missile Turret x2  
  12  9:05  Missile Turret x2  
  12  9:06  Siege Tank, Missile Turret x2  
  12  9:11  Unknown  
  12  9:18  Hellion x2  
  12  9:19  Hellion x2  
  12  9:20  Siege Tank  
  12  9:25  Planetary Fortress  
  12  9:38  Siege Tank  
  12  9:39  Hellion x2  
  12  9:41  Siege Tank, Hellion  
  12  9:48  Missile Turret  
  12  9:49  Missile Turret  
  12  9:50  Missile Turret  
  12  9:51  Missile Turret  
  12  10:03  Factory  
  12  10:06  Factory  
  12  10:07  Factory  
Tags
 
Composition
Mech
League
Master
Race
Terran
Strategy
Banshee Rush
Add a new tag
Caveats
  • Supply blocks, unpowered buildings, or Contaminate may cause inaccurate times.
  • Supply counts are checked every 10 seconds.